 Dungeon Sprint DCSS version 0.28-a0-1447-ga5a8893891 (webtiles) character file.

Game seed: 11129257920949070829

22486 mhtbhm the Executioner (level 12, -1/123 HPs)
             Began as a Minotaur Berserker on Jan 11, 2022.
             Was the Champion of Trog.
             Slain by Dissolution (15 damage)
             ... while paralysed by a floating eye
             ... in the Dungeon (Sprint VII: "The Pits").
             The game lasted 00:05:43 (2973 turns).

mhtbhm the Executioner (Minotaur Berserker)         Turns: 2973, Time: 00:05:44

Health: -1/123     AC: 12    Str: 27    XL:     12   Next: 63%
Magic:  11/11      EV:  2    Int:  7    God:    Trog [******]
Gold:   47         SH:  0    Dex: 13    Spells: 11/11 levels left

rFire   . . .      SeeInvis .   p - +7 battleaxe (vorpal)
rCold   . . .      Faith    .   (shield currently unavailable)
rNeg    . . .      Spirit   .   b - +4 chain mail
rPois   .          Reflect  .   t - +0 hat
rElec   .          Harm     .   n - +0 cloak
rCorr   .          Rampage  .   (no gloves)
Will    .....      NoTele   +   (no boots)
Stlth   ..........              (no amulet)
HPRegen 0.30/turn               k - +3 ring of dexterity
MPRegen 0.12/turn               l - +3 ring of intelligence

@: paralysed, corroded, on berserk cooldown, slowed
A: horns 2, retaliatory headbutt, frail 1
a: Renounce Religion, Berserk, Trog's Hand, Brothers in Arms


You were in the Dungeon.
You worshipped Trog.
Trog was exalted by your worship.
You visited 1 branch You collected 47 gold pieces.

Inventory:

Hand Weapons
 a - a +5 battleaxe of flaming
 p - a +7 vorpal battleaxe (weapon)
Missiles
 o - 4 silver javelins (quivered)
Armour
 b - a +4 chain mail (worn)
 n - a +0 cloak (worn)
 t - a +0 hat (worn)
Jewellery
 k - a +3 ring of dexterity (left hand)
 l - a +3 ring of intelligence (right hand)
 q - a ring of fire
 s - a ring of ice
Scrolls
 h - 2 scrolls of blinking
 j - 2 scrolls of summoning
 r - a scroll of immolation
 u - 4 scrolls of enchant weapon
 v - 3 scrolls of identify
 w - a scroll of fear
 x - a scroll of fog
Potions
 c - 7 potions of curing
 d - 16 potions of heal wounds
 e - 2 potions of haste
 f - 4 potions of magic
 g - 2 potions of berserk rage
 i - 2 potions of invisibility
 m - 2 potions of might


   Skills:
 + Level 21.9 Fighting
 + Level 24.5 Axes
 + Level 18.7 Armour
 + Level 9.6 Dodging
 + Level 2.3 Stealth


You had 11 spell levels left.
You didn't know any spells.
Your spell library was empty.

Dungeon Overview and Level Annotations

Branches:
Dungeon (1/1)

Altars:
Ashenzari
Cheibriados
Dithmenos
Elyvilon
Fedhas
Gozag
Hepliaklqana
Kikubaaqudgha
Makhleb
Nemelex Xobeh
Okawaru
Qazlal
Ru
Sif Muna
Trog
Uskayaw
Vehumet
Wu Jian
Xom
Yredelemnul
Zin
The Shining One
Beogh
Jiyva
Lugonu

Annotations:
D Dissolution


Innate Abilities, Weirdness & Mutations

You have a pair of horns on your head.
You reflexively headbutt those who attack you in melee.
You are frail. (-10% HP)


Message History

You slash the fire giant! The sixfirhy misses you.
Dissolution says, "Jiyva sees all!"
The floating eye gazes piercingly through you!
You suddenly lose the ability to move!
The shining eye dissolves into a puddle of slime!
The sixfirhy hits you. The sixfirhy shocks you!
The sixfirhy hits you but does no damage.
The sixfirhy hits you. The sixfirhy shocks you!
The adder skeleton bites you but does no damage.
The sixfirhy hits you but does no damage.
Dissolution hits you.
You are splashed with acid!
Dissolution hits you but does no damage.
The floating eye's stare focuses on you.
The sixfirhy hits you but does no damage. x3
The adder skeleton completely misses you.
Dissolution hits you!!
You are splashed with acid!
Dissolution hits you! The acid corrodes you!
You are splashed with acid!
The shining eye gazes at you.
Strange energies course through your body.
You feel frail. The floating eye seems to glare at you.
The adder skeleton barely misses you. Dissolution hits you!
The acid corrodes you!
You are splashed with acid.
* * * LOW HITPOINT WARNING * * *
Dissolution hits you!
* * * LOW HITPOINT WARNING * * *
You are splashed with acid.
* * * LOW HITPOINT WARNING * * *
The floating eye gazes piercingly through you!
You shrug off the repeated paralysis!
You are no longer berserk.
You feel yourself slow down.
The adder skeleton bites you but does no damage.
Dissolution hits you.
* * * LOW HITPOINT WARNING * * *
The acid corrodes you!
You are splashed with acid!
* * * LOW HITPOINT WARNING * * *
Dissolution hits you!
You die...

........''..........#
######..##..#....#..#
#..##..........+ #..##..........+
#..####''####++#
#..####''####++#########
#..##..Gs..##...........
##########..##.#C##.##......)....
............##.#@Z'.##..#########
............##.3JG#.##..#
#''###########.#))+ ##..#
#''###########.+}.# #..#
........##..## ##+# #..#
.#......##..# #..# ........''..#
#..# ........''.)##########).#
.#......##...).......)..#


You could see Dissolution, a fire giant, a shining eye (summoned), a sixfirhy, a
redback, a floating eye (summoned) and an adder skeleton (strong).

Vanquished Creatures
  A nagaraja (D)
  An apis (D)
  A minotaur (D)
  A hydra (D)
  A death knight (D)
  7 death yaks (D)
  A merfolk avatar (D)
  A merfolk aquamancer (D)
  A sixfirhy (D)
  A spriggan druid (D)
  A deep troll (D)
  2 phantasmal warriors (D)
  A cyclops (D)
  A manticore (D)
  A demonic crawler (D)
  4 cane toads (D)
  2 efreet (D)
  A guardian mummy (D)
  A polar bear (D)
  2 ice devils (D)
  2 red devils (D)
  A hornet (D)
  A merfolk (D)
  3 blink frogs (D)
  A tarantella (D)
  12 dream sheep (D)
  3 water elementals (D)
  2 spriggans (D)
  5 yaks (D)
  A wyvern (D)
  A wraith (D)
  2 basilisks (D)
  5 vampire mosquitoes (D)
  A warg (D)
  A floating eye (D)
  A necrophage (D)
  A centaur (D)
  A phantom (D)
  A bullfrog (D)
  2 gnoll sergeants (D)
  A scorpion (D)
  A small abomination (D)
  5 killer bees (D)
  A crimson imp (D)
  2 gnoll shamans (D)
  2 orc priests (D)
  An iron imp (D)
  2 orc wizards (D)
  2 mummies (D)
  15 gnolls (D)
  A river rat (D)
  A white imp (D)
  2 ufetubi (D)
  An adder skeleton (D)
  4 orcs (D)
  A bat zombie (D)
  An endoplasm (D)
  A hobgoblin (D)
  A bat (D)
  A frilled lizard (D)
  4 rats (D)
129 creatures vanquished.

Vanquished Creatures (others)
  A goblin (D)
1 creature vanquished.

Grand Total: 130 creatures vanquished

Notes
Turn   | Place    | Note
-------+----------+-------------------------------------------
     0 | D        | mhtbhm the Minotaur Berserker began the quest for the Orb.
     0 | D        | Reached XP level 1. HP: 19/19 MP: 0/0
    18 | D        | Reached skill level 4 in Axes
    24 | D        | Found a bloodstained altar of Trog.
    24 | D        | Found a shimmering blue altar of Sif Muna.
    24 | D        | Found a viscous altar of Jiyva.
    24 | D        | Found a hazy altar of Hepliaklqana.
    24 | D        | Found an opulent altar of Gozag.
    25 | D        | Found a glowing golden altar of the Shining One.
    25 | D        | Found a glowing silver altar of Zin.
    25 | D        | Found a basalt altar of Yredelemnul.
    25 | D        | Found a shimmering altar of Xom.
    25 | D        | Found an ornate altar of the Wu Jian Council.
    25 | D        | Found a sacrificial altar of Ru.
    25 | D        | Found a stormy altar of Qazlal.
    25 | D        | Found an iron altar of Okawaru.
    25 | D        | Found a sparkling altar of Nemelex Xobeh.
    25 | D        | Found a burning altar of Makhleb.
    25 | D        | Found a blossoming altar of Fedhas.
    25 | D        | Found a white marble altar of Elyvilon.
    25 | D        | Found a shadowy altar of Dithmenos.
    25 | D        | Found a snail-covered altar of Cheibriados.
    27 | D        | Found a radiant altar of Vehumet.
    27 | D        | Found a corrupted altar of Lugonu.
    95 | D        | Noticed a floating eye
    96 | D        | Reached ** piety under Trog
   100 | D        | Killed a floating eye
   101 | D        | Reached skill level 7 in Axes
   101 | D        | Reached XP level 2. HP: 31/35 MP: 1/1
   101 | D        | Reached XP level 3. HP: 35/40 MP: 2/2
   101 | D        | Reached XP level 4. HP: 42/48 MP: 3/3
   140 | D        | Reached skill level 8 in Axes
   178 | D        | Reached *** piety under Trog
   179 | D        | Reached XP level 5. HP: 55/55 MP: 4/4
   185 | D        | Reached **** piety under Trog
   186 | D        | Reached skill level 9 in Axes
   353 | D        | Reached skill level 5 in Armour
   356 | D        | Reached ***** piety under Trog
   457 | D        | Reached skill level 10 in Axes
   457 | D        | Reached skill level 5 in Dodging
   457 | D        | Reached XP level 6. HP: 40/66 MP: 5/5
   577 | D        | Noticed a phantasmal warrior
   588 | D        | Killed a phantasmal warrior
   588 | D        | Received a gift from Trog
   589 | D        | Reached skill level 13 in Axes
   589 | D        | Reached XP level 7. HP: 74/74 MP: 6/6
   684 | D        | Noticed a guardian mummy
   684 | D        | Noticed a spriggan rider
   690 | D        | Killed a guardian mummy
   691 | D        | Reached skill level 14 in Axes
   691 | D        | Reached skill level 1 in Stealth
   691 | D        | Reached XP level 8. HP: 75/83 MP: 7/7
   692 | D        | Killed a hornet
   694 | D        | Reached ****** piety under Trog
   695 | D        | Reached skill level 15 in Axes
   921 | D        | Found a hide-covered altar of Uskayaw.
   921 | D        | Found an ancient bone altar of Kikubaaqudgha.
   921 | D        | Found a broken altar of Ashenzari.
   949 | D        | Noticed a phantasmal warrior
   959 | D        | Killed a phantasmal warrior
   960 | D        | Reached skill level 16 in Axes
  1056 | D        | Noticed a tarantella
  1056 | D        | Noticed a merfolk aquamancer
  1056 | D        | Noticed a nagaraja
  1061 | D        | Reached skill level 10 in Armour
  1061 | D        | Reached XP level 9. HP: 93/93 MP: 8/8
  1067 | D        | Killed a nagaraja
  1067 | D        | Received a gift from Trog
  1067 | D        | Killed a merfolk aquamancer
  1068 | D        | Reached skill level 18 in Axes
  1068 | D        | Reached XP level 10. HP: 104/104 MP: 9/9
  1071 | D        | Reached skill level 19 in Axes
  1164 | D        | Noticed a merfolk avatar
  1172 | D        | Killed a merfolk avatar
  1172 | D        | Received a gift from Trog
  1173 | D        | Reached skill level 15 in Fighting
  1190 | D        | Noticed a cane toad
  1196 | D        | Killed a cane toad
  1197 | D        | Reached skill level 20 in Axes
  1206 | D        | Noticed a death yak
  1206 | D        | Noticed a death yak
  1206 | D        | Noticed a death yak
  1206 | D        | Noticed a death yak
  1213 | D        | Killed a death yak
  1214 | D        | Received a gift from Trog
  1219 | D        | Killed a death yak
  1220 | D        | Reached skill level 21 in Axes
  1221 | D        | Killed a death yak
  1223 | D        | Killed a death yak
  1224 | D        | Reached XP level 11. HP: 58/115 MP: 10/10
  1436 | D        | Received a gift from Trog
  1464 | D        | Reached skill level 22 in Axes
  1465 | D        | Identified the +7 short sword of Forced Transition {flame,
                  | rN+ Str+5} (Trog gifted it to you in the Dungeon)
  1465 | D        | Received a gift from Trog
  1538 | D        | Reached skill level 15 in Armour
  1539 | D        | Received a gift from Trog
  1579 | D        | Noticed a minotaur
  1579 | D        | Noticed a death yak
  1592 | D        | Killed a death yak
  1592 | D        | Identified the +4 war axe of Thoughtfulness {antimagic,
                  | +Blink rF++ rCorr Str-5} (Trog gifted it to you in the
                  | Dungeon)
  1592 | D        | Received a gift from Trog
  1593 | D        | Killed a minotaur
  1924 | D        | Received a gift from Trog
  1951 | D        | Reached skill level 23 in Axes
  1952 | D        | Received a gift from Trog
  2016 | D        | Noticed a four-headed hydra
  2019 | D        | Killed a two-headed hydra
  2027 | D        | Noticed a death yak
  2029 | D        | Noticed a deep troll
  2041 | D        | Killed a death yak
  2044 | D        | Killed a deep troll
  2045 | D        | Reached XP level 12. HP: 52/132 MP: 11/11
  2307 | D        | Received a gift from Trog
  2446 | D        | Noticed a death yak
  2448 | D        | Identified the +7 great sword "Osan" {vorpal, rPois rC++
                  | Str+3 Int-5} (Trog gifted it to you in the Dungeon)
  2448 | D        | Received a gift from Trog
  2449 | D        | Noticed a death knight
  2458 | D        | Killed a death yak
  2463 | D        | Reached skill level 24 in Axes
  2473 | D        | Killed a death knight
  2473 | D        | Received a gift from Trog
  2960 | D        | Noticed Dissolution
  2960 | D        | Noticed an apis
  2960 | D        | Noticed a fire giant
  2966 | D        | Received a gift from Trog
  2968 | D        | Killed an apis
  2969 | D        | Paralysed by a floating eye for 4 turns
  2971 | D        | Gained mutation: You are frail. (-10% HP) [a shining eye]
  2973 | D        | Slain by Dissolution

Illustrated notes

Levels and vault maps discovered:
D:        pitsprint [storerooms_1, entrance_room_1, metal_vault_8, armoury_2,
          mini_pit_1, grid_room_1, main_hall_1, silver_pit, the_coven_3,
          the_vestibule_1, steel_vault_2, golden_pit, hallway_of_sentries,
          crystal_vault_3, iron_vault_4, final_vault]

Skill      XL: |  1  2  3  4  5  6  7  8  9 10 11 12 |
---------------+-------------------------------------+-----
Fighting       | 7 8 9 11 12 13 14 16 19 21 | 21.9
Axes           | 7 8 10 13 14 16 18 21 23 24 | 24.5
Armour         | 4 5 7 8 10 12 14 17 18 | 18.7
Dodging        | 3 4 5 6 7 8 9 |  9.6
Stealth        | 1 2 |  2.3

Action                   |  1- 3 |  4- 6 |  7- 9 | 10-12 || total
-------------------------+-------+-------+-------+-------++-------
Melee: Hand axe          |     7 |    50 |       |       ||    57
       Headbutt          |     2 |     9 |     9 |    29 ||    49
       Battleaxe         |       |       |    35 |   153 ||   188
Invok: Berserk           |       |       |     3 |     2 ||     5
  Use: Potion            |       |     3 |       |     6 ||     9
Armor: Animal skin       |     1 |       |       |       ||     1
       Chain mail        |       |    15 |    18 |    94 ||   127
Dodge: Dodged            |     1 |    29 |    11 |    82 ||   123

Table legend: (Time is in decaauts)
 A = Elapsed time spent in this place.
 B = Non-inter-level travel time spent in this place.
 C = Inter-level travel time spent in this place.
 D = Time resting spent in this place.
 E = Time spent auto-exploring this place.
 F = Levels seen in this place.
 G = Mean time per level.
                   A        B        C        D        E       F      G
               +--------+--------+--------+--------+--------+-----+--------+
         Total |   2969 |   2969 |      0 |   1866 |    166 |   1 | 2969.0 |
       Dungeon |   2969 |   2969 |      0 |   1866 |    166 |   1 | 2969.0 |
               +--------+--------+--------+--------+--------+-----+--------+

Top non-repeatable levels by time:
       D: 2969 daAuts
